AoeStats
← PLEASE, PLEASE, PLEASE

Nomad

511482552Analyzed
4v4 RM · 12d ago on Oct 5, 2026· 73m 30s· 8 players
Game mode
Random Map
Map size
231×231
Population
200
Speed
Normal
Resources
Standard
Victory
Conquest
Starting age
Dark Age
Ending age
Imperial Age
RankedLock teamsTeams togetherTeam positionsShared explorationLock speedFull tech treeHidden civsTurbo modeCheats
Victory
Defeat
🇨🇳 Armenians · China
1371
+16
🇻🇳 Franks · Vietnam
1339
+17
🇹🇼 Varangians · Taiwan
1326
+18
🇨🇳 Mongols · China
1271
+20
vs
🇰🇷 Huns · South Korea
1450
-22
🇰🇷 Britons · South Korea
1376
-18
🇰🇷 Saracens · South Korea
1340
-17
🇰🇷 Wu · South Korea
1280
-14
Minneapolis
4:51 Loom
13:32 Feudal Age
14:16 Double-Bit Axe
15:24 Fletching
22:50 Castle Age
22:09 Gold Mining
23:53 Medium Warships
23:46 Bodkin Arrow
24:09 Bow Saw
24:17 Fishing Lines
28:35 Gillnets
29:14 Horse Collar
31:52 Wheelbarrow
32:03 Gold Shaft Mining
31:27 Stone Mining
33:55 Man-at-Arms
34:20 Gambesons
34:50 Squires
37:40 Imperial Age
34:39 Long Swordsman
35:57 Scale Mail Armor
36:48 Two-Handed Swordsman
37:46 Arson
38:29 Chain Mail Armor
38:24 Forging
38:45 Conscription
38:03 Champion
40:24 Plate Mail Armor
40:59 Forging
41:02 Fereters
42:50 Iron Casting
42:40 Hand Cart
44:22 Elite Composite Bowman
46:06 Blast Furnace
45:07 Bracer
45:07 Padded Archer Armor
50:09 Ballistics
50:49 Chemistry
49:46 Treadmill Crane
50:54 Hoardings
51:24 Leather Archer Armor
53:57 Bombard Tower
53:42 Heavy Plow
55:10 Ring Archer Armor
59:04 Masonry
62:51 Cilician Fleet
67:39 Scale Barding Armor
68:04 Caravan
68:46 Pikeman
開機中
5:21 Loom
17:16 Feudal Age
18:12 Fishing Lines
21:20 Castle Age
19:39 Stone Mining
21:01 Forging
20:58 Scale Barding Armor
20:41 Double-Bit Axe
23:04 Fletching
23:49 Bow Saw
25:59 Bloodlines
31:16 Husbandry
32:05 Chain Barding Armor
31:45 Horse Collar
36:48 Iron Casting
37:04 Gold Mining
39:12 Heavy Plow
41:36 Wheelbarrow
42:37 Vendel Legacy
48:17 Imperial Age
48:23 Cavalier
49:43 Plate Barding Armor
50:08 Blast Furnace
49:33 Conscription
49:33 Hand Cart
57:23 Capped Ram
57:39 Elite Jarl
58:14 Siege Ram
64:29 Two-Man Saw
64:12 Light Cavalry
68:58 Caravan
69:25 Hussar
Nomore
7:56 Loom
14:44 Feudal Age
15:31 Double-Bit Axe
16:08 Fishing Lines
16:54 Bloodlines
18:06 Scale Barding Armor
20:44 Wheelbarrow
19:55 Town Watch
23:44 Castle Age
25:41 Hand Cart
25:55 Bow Saw
25:31 Horse Collar
26:59 Heavy Plow
51:27 Imperial Age
49:52 Ballistics
51:48 Padded Archer Armor
54:04 Fletching
55:42 Conscription
55:53 Hand Cart
56:26 Bodkin Arrow
56:47 Leather Archer Armor
57:38 Chemistry
56:49 Masonry
57:40 Bracer
57:45 Gold Mining
57:46 Stone Mining
57:59 Town Patrol
58:26 Leather Archer Armor
58:56 Husbandry
59:01 Elite Mangudai
59:18 Capped Ram
60:51 Gold Shaft Mining
60:52 Stone Shaft Mining
60:40 Siege Ram
64:20 Parthian Tactics
64:03 Light Cavalry
65:05 Chain Barding Armor
64:56 Forging
69:08 Drill
70:09 Iron Casting
69:58 Caravan
70:29 Coinage
73:31 Nomads
Giong
5:43 Loom
14:46 Feudal Age
15:53 Double-Bit Axe
18:48 Castle Age
20:04 Bow Saw
20:49 Gold Mining
25:54 Stone Mining
26:53 Scale Barding Armor
27:26 Forging
28:38 Chain Barding Armor
33:42 Gold Shaft Mining
36:29 Iron Casting
46:26 Imperial Age
44:37 Wheelbarrow
46:30 Cavalier
47:26 Husbandry
48:28 Blast Furnace
48:03 Plate Barding Armor
49:21 Paladin
56:25 Caravan
69:58 Conscription
남조선사람
4:38 Loom
16:07 Feudal Age
21:11 Castle Age
19:22 Fletching
19:48 Double-Bit Axe
22:10 Medium Warships
21:56 Bodkin Arrow
33:41 Horse Collar
39:06 Wheelbarrow
42:34 Imperial Age
40:38 Padded Archer Armor
41:51 Ballistics
42:31 Leather Archer Armor
42:31 Bow Saw
43:17 Bracer
44:25 Chemistry
45:10 Ring Archer Armor
45:47 Elite Longbowman
55:04 Murder Holes
58:43 Caravan
59:32 Gold Mining
63:00 Hand Cart
62:30 Town Watch
66:08 Two-Man Saw
69:20 Coinage
71:17 Elite Skirmisher
PLEASE, PLEASE, PLEASE
6:06 Loom
13:35 Feudal Age
17:40 Castle Age
15:38 Horse Collar
15:48 Double-Bit Axe
18:05 Fletching
18:22 Gold Mining
19:33 Bodkin Arrow
24:58 Wheelbarrow
32:26 Bow Saw
32:13 Stone Mining
33:50 Horse Collar
35:08 Padded Archer Armor
34:38 Pikeman
35:18 Squires
35:04 Arson
36:54 Ballistics
38:35 Leather Archer Armor
38:21 Scale Mail Armor
38:32 Forging
44:07 Imperial Age
47:16 Hand Cart
46:52 Halberdier
47:44 Bracer
48:32 Conscription
51:54 Chemistry
50:35 Treadmill Crane
58:38 Elite Skirmisher
60:10 Chain Mail Armor
69:20 Scale Barding Armor
69:52 Iron Casting
70:22 Heavy Hei Guang Cavalry
71:28 Bloodlines
71:20 Husbandry
72:06 Chain Barding Armor
BaniWang
4:48 Loom
15:50 Feudal Age
16:16 Double-Bit Axe
16:22 Gold Mining
16:50 Fishing Lines
18:31 Wheelbarrow
23:51 Castle Age
22:33 Fletching
24:59 Medium Warships
24:43 Gillnets
25:24 Bow Saw
26:02 Bodkin Arrow
26:49 Gold Shaft Mining
26:27 Clinker Construction
27:29 Careening
27:40 Ballistics
36:49 Imperial Age
37:34 Imperial Age
35:58 Hand Cart
41:02 Imperial Age
38:23 Town Watch
38:57 Stone Mining
42:45 Heavy Warships
42:57 Carvel Hull
42:57 Dry Dock
43:38 Chemistry
43:16 Bracer
43:27 Forging
43:24 Scale Barding Armor
45:49 Elite Cannon Galleon
47:19 Conscription
46:19 Elite Mameluke
47:38 Iron Casting
47:23 Chain Barding Armor
49:24 Bloodlines
49:14 Husbandry
53:16 Bimaristan
62:21 Two-Man Saw
66:50 Light Cavalry
68:04 Hussar
70:29 Coinage
GooGoo
4:01 Loom
11:58 Feudal Age
18:52 Castle Age
17:19 Double-Bit Axe
17:15 Horse Collar
18:44 Bloodlines
19:33 Scale Barding Armor
26:57 Wheelbarrow
27:31 Forging
28:24 Husbandry
35:54 Chain Barding Armor
36:19 Gold Mining
40:17 Iron Casting
41:38 Scale Mail Armor
44:14 Chain Mail Armor
43:22 Pikeman
45:05 Gold Shaft Mining
47:23 Imperial Age
45:26 Hand Cart
44:58 Town Watch
45:35 Fletching
46:04 Squires
47:43 Cavalier
49:00 Plate Barding Armor
48:41 Heavy Plow
48:15 Halberdier
51:14 Bow Saw
53:02 Two-Man Saw
53:05 Blast Furnace
53:10 Bodkin Arrow
53:01 Paladin
53:36 Stone Mining
54:45 Atheism
54:46 Conscription
60:20 Padded Archer Armor
64:59 Capped Ram
66:52 Siege Ram
68:28 Light Cavalry
Connection lost

Rejoining the realm…

Still unreachable

The connection could not be restored.

Session expired

The server has moved on; the page needs a fresh start.